 Dungeon Crawl Stone Soup version 0.25-a0-565-g8875c97ebb (webtiles) character file.

Game seed: 4881589479824874473, levelgen mode: deterministic

2354 Froggeryz the Cleaver (level 9, -1/68 HPs)
             Began as a Formicid Gladiator on Feb 26, 2020.
             Was a Priest of Okawaru.
             Slain by an ice beast (13 damage)
             ... on level 6 of the Dungeon.
             The game lasted 00:10:23 (6349 turns).

Froggeryz the Cleaver (Formicid Gladiator)          Turns: 6349, Time: 00:10:23

Health: -1/68      AC: 11    Str: 25    XL:     9   Next: 71%
Magic:  7/9        EV: 20    Int:  9    God:    Okawaru [***...]
Gold:   156        SH:  8    Dex: 15    Spells: 8/8 levels left

rFire    . . .     SeeInvis +   a - +1 war axe
rCold    . . .     Gourm    .   p - +1 buckler
rNeg     + . .     Faith    .   m - +2 scale mail {MR+}
rPois    .         Spirit   .   (helmet unavailable)
rElec    .         Reflect  .   u - scarf {repulsion}
rCorr    .         Harm     .   (no gloves)
MR       +....                  x - +0 pair of boots
Stlth    ++........             (no amulet)
HPRegen  0.21/turn              s - ring "Linut" {*Slow EV+5 Str+5 Dex+2}
MPRegen  0.11/turn              l - ring of positive energy

@: lethally poisoned (-1 -> -21), heroism, lightly drained, repel missiles
A: permanent stasis, dig shafts and tunnels, four strong arms, antennae 3
a: Dig, Shaft Self, Heroism, Renounce Religion


You were on level 6 of the Dungeon.
You worshipped Okawaru.
Okawaru was most pleased with you.
You were not hungry.

You visited 1 branch of the dungeon, and saw 7 of its levels.

You collected 303 gold pieces.
You spent 147 gold pieces at shops.

Inventory:

Hand Weapons
 a - a +1 war axe (weapon)
Missiles
 c - a throwing net (quivered)
 f - 47 poisoned darts
Armour
 m - a +2 scale mail of magic resistance (worn)
 p - a +1 buckler (worn)
 u - a scarf of repulsion (worn)
 x - a +0 pair of boots (worn)
Jewellery
 l - a ring of positive energy (right hand)
 s - the ring "Linut" (left hand) {*Slow EV+5 Str+5 Dex+2}
   (You found it on level 4 of the Dungeon)

   [ring of evasion]

   It affects your evasion (+5).
   It affects your strength (+5).
   It affects your dexterity (+2).
   It may slow you when you take damage.
 y - an uncursed ring of flight
Wands
 b - a wand of iceblast (2)
Scrolls
 i - 5 scrolls of identify
 k - 2 scrolls of enchant armour
 o - 6 scrolls of remove curse
 q - 4 scrolls of magic mapping {unknown}
Potions
 e - a potion of flight {unknown}
 g - 3 potions of magic
 h - a potion of ambrosia {unknown}
 j - a potion of resistance {unknown}
 n - 2 potions of curing
 r - a potion of berserk rage {unknown}
 t - a potion of haste {unknown}
 v - a potion of heal wounds {unknown}
 w - a potion of lignification {unknown}
Comestibles
 d - 7 rations


   Skills:
 + Level 5.1(10.0) Fighting
 * Level 10.3(15.2) Axes
 - Level 2.0(6.9) Throwing
 - Level 3.1(8.0) Armour
 - Level 2.6(7.6) Dodging
 - Level 6.0(10.9) Shields


You had 8 spell levels left.
You didn't know any spells.
Your spell library was empty.

Dungeon Overview and Level Annotations

Branches:
Dungeon (7/15)             Temple (0/1) D:4

Altars:
Gozag
Hepliaklqana
Okawaru
Sif Muna

Shops:
D:4 [

Annotations:
D:6 Harold


Innate Abilities, Weirdness & Mutations

You cannot be hasted, slowed, berserked, paralysed or teleported.
You can dig through walls and to a lower floor.
Your four strong arms can wield two-handed weapons with a shield.
You have a pair of large antennae on your head. (SInv)


Message History

You hit Harold but do no damage.
Harold is moderately wounded.
You closely miss the ice beast.
You feel sick.
Harold hits you with a +1 short sword of venom.
* * * LOW HITPOINT WARNING * * *
You are lethally poisoned!
The ice beast misses you.
You hit Harold.
Harold is moderately wounded.
You hit the ice beast but do no damage.
* * * LOW HITPOINT WARNING * * *
You feel sick.
You hit Harold but do no damage.
Harold is moderately wounded.
You closely miss the ice beast.
* * * LOW HITPOINT WARNING * * *
You feel sick. Harold misses you. The ice beast hits you.
* * * LOW HITPOINT WARNING * * *
The ice beast freezes you!
You die...

#..#.......##'###.....#.....##...
#####.................#.....##...
#.................#.....#....
♣♣♣##................<#.....#....
♣.....................########...
......#####...........#.....##...
♣.........#......######.....÷....
♣♣........#....)@# #...........
♣♣##.....'....Y@# #...........
#.....#.....)# #...........
#######......# ############
########


You could see Harold and an ice beast.

Vanquished Creatures
  Sigmund (D:4)
  A hungry ghost (D:6)
  2 ice beasts (D:5)
  A black bear (D:6)
  A sky beast (D:5)
  A phantom (D:6)
  An ogre (D:4)
  A bullfrog (D:6)
  8 wights (D:6)
  A howler monkey (D:6)
  2 crimson imps (D:5)
  A jelly (D:5)
  3 orc priests
  Crazy Yiuf (D:6)
  4 hounds
  8 orc wizards
  4 iguanas
  Ijyb (D:2)
  Terence (D:3)
  3 worker ants
  A hound skeleton (D:4)
  12 adders
  A shadow imp (D:6)
  An ooze (D:1)
  2 adder zombies
  An adder skeleton (D:6)
  4 worms
  4 dart slugs
  5 leopard geckos
  24 orcs
  2 ball pythons
  7 giant cockroaches
  20 goblins
  6 hobgoblins
  4 jackals
  3 quokkas
  5 bats
  8 frilled lizards
  9 kobolds
  8 rats
173 creatures vanquished.

Notes
Turn   | Place    | Note
-------+----------+-------------------------------------------
     0 | D:1      | Froggeryz the Formicid Gladiator began the quest for the
                  | Orb.
     0 | D:1      | Reached XP level 1. HP: 16/16 MP: 1/1
   142 | D:1      | Reached XP level 2. HP: 17/22 MP: 2/2
   556 | D:1      | Reached skill level 4 in Axes
   556 | D:1      | Reached XP level 3. HP: 27/27 MP: 3/3
   720 | D:1      | You fall into a shaft and drop 1 floor!
   721 | D:2      | Noticed Ijyb
   738 | D:2      | Killed Ijyb
   738 | D:2      | Reached XP level 4. HP: 10/33 MP: 4/4
   992 | D:2      | Reached skill level 5 in Axes
  1095 | D:2      | Reached XP level 5. HP: 18/38 MP: 5/5
  2222 | D:3      | Reached skill level 6 in Axes
  2237 | D:3      | Reached XP level 6. HP: 11/44 MP: 6/6
  2256 | D:3      | Reached skill level 1 in Shields
  2804 | D:3      | Found an iron altar of Okawaru.
  2827 | D:3      | Became a worshipper of Warmaster Okawaru
  2848 | D:3      | Noticed Terence
  2859 | D:3      | Killed Terence
  3292 | D:4      | Noticed Sigmund
  3574 | D:4      | Noticed an ogre
  3592 | D:4      | Killed an ogre
  3592 | D:4      | Reached skill level 7 in Axes
  3592 | D:4      | Reached XP level 7. HP: 48/50 MP: 7/7
  3677 | D:4      | Reached * piety under Okawaru
  3804 | D:4      | Killed Sigmund
  3804 | D:4      | Reached skill level 5 in Shields
  3827 | D:4      | Reached XP level 8. HP: 12/56 MP: 8/8
  4164 | D:4      | Got a vibrating copper ring
  4167 | D:4      | Identified the ring "Linut" {*Slow EV+5 Str+5 Dex+2} (You
                  | found it on level 4 of the Dungeon)
  4203 | D:4      | Found Nucwic's Antique Armour Emporium.
  4206 | D:4      | Bought a shiny scale mail for 147 gold pieces
  4233 | D:4      | Found a staircase to the Ecumenical Temple.
  4501 | D:5      | Entered Level 5 of the Dungeon
  4543 | D:5      | Reached skill level 1 in Armour
  4553 | D:5      | Found an opulent altar of Gozag.
  4553 | D:5      | Found a shimmering blue altar of Sif Muna.
  4664 | D:5      | Reached ** piety under Okawaru
  4744 | D:5      | Reached skill level 8 in Axes
  5184 | D:6      | Reached skill level 9 in Axes
  5184 | D:6      | Reached XP level 9. HP: 62/64 MP: 9/9
  5424 | D:6      | Reached *** piety under Okawaru
  5457 | D:6      | Found a runed translucent door.
  5458 | D:6      | Noticed Crazy Yiuf
  5465 | D:6      | Killed Crazy Yiuf
  5770 | D:6      | Reached skill level 10 in Axes
  6075 | D:7      | Found a hazy altar of Hepliaklqana.
  6087 | D:7      | Reached skill level 5 in Fighting
  6090 | D:7      | Noticed Harold
  6349 | D:6      | Slain by an ice beast

Levels and vault maps discovered:
D:1:      psy_arrival_conway, layout_rooms
D:2:      kennysheep_the_goblin_king, layout_basic, first_ration, st_stairs_4,
          minmay_diced_spiral
D:3:      layout_basic, kennysheep_okawaru_gauntlet, uniq_terence
D:4:      layout_cave_pools, minmay_temple_entry_antechambers, serial_shops,
          kennysheep_mini_moat, uniq_sigmund
D:5:      layout_basic, gammafunk_temple_overflow_wave,
          kennysheep_generic_room_11
D:6:      layout_gridville, uniq_crazy_yiuf_cottage
D:7:      layout_cave_pools, old_standard_altar,
          lemuel_mausoleum_altar_yredelemnul, lemuel_altar_in_water, uniq_harold

Skill      XL: |  1  2  3  4  5  6  7  8  9 |
---------------+----------------------------+-----
Axes           | 4 5 6 7 9 10 | 10.3
Shields        | 2 5 6 |  6.0
Armour         | 3 |  3.1
Fighting       | 3 5 |  5.1
Throwing       | |  2.0
Dodging        | |  2.6

Action                   |  1- 3 |  4- 6 |  7- 9 || total
-------------------------+-------+-------+-------++-------
Melee: War axe           |    69 |   248 |   276 ||   593
Throw: Throwing net      |       |     3 |     1 ||     4
       Dart              |       |     7 |     1 ||     8
Invok: Heroism           |       |       |     1 ||     1
Evoke: Wand              |       |       |     5 ||     5
  Use: Potion            |     1 |     2 |     1 ||     4
       Scroll            |       |       |     7 ||     7
 Stab: Invisible         |     4 |       |     1 ||     5
       Held in net/web   |       |     2 |       ||     2
  Eat: Chunk             |       |     6 |    10 ||    16
       Ration            |       |     1 |       ||     1
Armor: Ring mail         |    42 |    84 |    12 ||   138
       Leather armour    |     7 |       |       ||     7
       Scale mail        |       |       |    52 ||    52
Dodge: Dodged            |    65 |   140 |   191 ||   396
Block: Buckler           |       |    16 |    72 ||    88

Table legend:
 A = Non-vault XP
 B = Vault XP
 C = Vault XP percentage of total XP
 D = Non-vault monster count
 E = Vault monster count
 F = Vault count percentage of total count
                 A         B        C        D         E       F
            +---------+---------+-------+---------+---------+-------
      Total |    2999 |     365 |  10.9 |     155 |      18 |  10.4
            +---------+---------+-------+---------+---------+-------
        D:1 |      53 |       0 |   0.0 |      25 |       0 |   0.0
        D:2 |     114 |      59 |  34.1 |      29 |      13 |  31.0
        D:3 |     196 |      39 |  16.6 |      19 |       3 |  13.6
        D:4 |     415 |     227 |  35.4 |      20 |       1 |   4.8
        D:5 |     816 |       0 |   0.0 |      24 |       0 |   0.0
        D:6 |    1352 |      40 |   2.9 |      32 |       1 |   3.0
        D:7 |      53 |       0 |   0.0 |       6 |       0 |   0.0
            +---------+---------+-------+---------+---------+-------
